 Dungeon Sprint DCSS version 0.27-a0-1006-g1fd4cec11e (webtiles) character file.

Game seed: 12277916677726583000

12989 mhtbhm the Eclecticist (level 11, -9/56 HPs)
             Began as a Deep Elf Fire Elementalist on Apr 17, 2021.
             Was the Champion of Vehumet.
             Killed from afar by Nikola (32 damage)
             ... with a chain lightning
             ... in the Dungeon (Sprint V: "Ziggurat Sprint").
             The game lasted 00:06:41 (1025 turns).

mhtbhm the Eclecticist (Deep Elf Fire Elementalist) Turns: 1025, Time: 00:06:41

Health: -9/56      AC: 10    Str:  5    XL:     11   Next: 69%
Magic:  11/36      EV: 18    Int: 39    God:    Vehumet [******]
Gold:   0          SH:  0    Dex: 15    Spells: 15/48 levels left

rFire    + . .     SeeInvis .   C - +8 lance "Wyrmbane" {slay drac, rPois rF+ rC+ AC+3}
rCold    + . .     Faith    .   (no shield)
rNeg     . . .     Spirit   .   a - +2 robe
rPois    +         Reflect  .   w - +1 helmet {Int+3}
rElec    .         Harm     .   (no cloak)
rCorr    .         Rampage  .   G - +0 pair of gloves {archery}
Will     +....     NoTele   +   (no boots)
Stlth    +++.......             z - amulet of the acrobat
HPRegen  0.18/turn              x - +6 ring of intelligence
MPRegen  0.25/turn              y - +6 ring of intelligence

@: no status effects
A: no striking features
a: Renounce Religion


You were in the Dungeon.
You worshipped Vehumet.
Vehumet was exalted by your worship.
You visited 1 branch

Inventory:

Hand Weapons
 C - the +8 lance "Wyrmbane" (weapon) {slay drac, rPois rF+ rC+ AC+3}
   (You found it in the Dungeon)

   It affects your AC (+3).
   It protects you from fire.
   It protects you from cold.
   It protects you from poison.
Armour
 a - a +2 robe (worn)
 w - a +1 helmet of intelligence (worn)
 G - a +0 pair of gloves of archery (worn)
Jewellery
 x - a +6 ring of intelligence (left hand)
 y - a +6 ring of intelligence (right hand)
 z - an amulet of the acrobat (around neck)
 D - the ring of the Spinneret {rC+ rCorr Int+2}
   (You found it in the Dungeon)

   [ring of resist corrosion]

   It affects your intelligence (+2).
   It protects you from cold.
   It protects you from acid and corrosion.
Wands
 r - a wand of mindburst (6)
 s - a wand of iceblast (1)
 t - a wand of acid (7)
Scrolls
 b - 4 scrolls of amnesia
 h - 2 scrolls of blinking
 i - 7 scrolls of fog
 j - a scroll of holy word
 k - 5 scrolls of identify
 l - 2 scrolls of fear
 u - a scroll of brand weapon
Potions
 c - 9 potions of curing
 d - 9 potions of heal wounds
 e - 6 potions of haste
 f - 7 potions of magic
 g - 3 potions of berserk rage
 m - 2 potions of brilliance
 n - 2 potions of invisibility
 o - 4 potions of resistance
 p - a potion of experience
 q - 5 potions of might
Miscellaneous
 v - a condenser vane
 A - a box of beasts
 B - a lightning rod (4/4)
 E - a tin of tremorstones (2/2)
 F - a box of beasts


   Skills:
 + Level 1.1 Fighting
 + Level 11.4 Dodging
 - Level 4.9 Stealth
 + Level 19.2 Spellcasting
 + Level 12.1 Conjurations
 + Level 6.0 Hexes
 + Level 17.8 Fire Magic
 * Level 10.2 Earth Magic
 - Level 4.1 Evocations


You had 15 spell levels left.
You knew the following spells:

 Your Spells              Type           Power      Damage    Failure   Level
a - Foxfire               Conj/Fire      100%       2x1d9     0%          1
b - Mephitic Cloud        Conj/Pois/Air  62%        N/A       1%          3
c - Inner Flame           Hex/Fire       92%        N/A       0%          3
d - Sticky Flame          Conj/Fire      100%       2d11      0%          4
e - Fireball              Conj/Fire      50%        3d20      1%          5
f - Ignition              Fire           54%        3d15      1%          8
g - Shatter               Erth           43%        3d34*     93%         9

Your spell library contained the following spells:

 Spells                   Type           Power      Damage    Failure   Level
 Iskenderun's Mystic Bla  Conj/Tloc      71%        2d14      1%          4
 Magic Dart               Conj           100%       1d8       0%          1
 Sandblast                Erth           100%       2d20      0%          1
 Conjure Flame            Conj/Fire      100%       6-21      0%          3
 Sting                    Tmut/Pois      100%       1d8       1%          1
 Blink                    Tloc           N/A        N/A       1%          2
 Call Imp                 Summ           37%        N/A       1%          2
 Passwall                 Tmut/Erth      55%        N/A       1%          2
 Slow                     Hex            71%        N/A       1%          2
 Static Discharge         Conj/Air       71%        N/A       1%          2
 Wereblood                Tmut           37%        N/A       1%          2
 Cause Fear               Hex            35%        N/A       1%          4
 Lightning Bolt           Conj/Air       35%        1d53      1%          5
 Yara's Violent Unravell  Hex/Tmut       28%        3d12      1%          5
 Spider Form              Tmut/Pois      18%        N/A       2%          3
 Olgreb's Toxic Radiance  Pois           37%        N/A       2%          4
 Silence                  Hex/Air        28%        N/A       6%          5
 Eringya's Noxious Bog    Tmut/Pois      18%        N/A       28%         6
 Haunt                    Necr/Summ      18%        N/A       99%         7
 Malign Gateway           Summ/Tloc      18%        N/A       99%         7
 Monstrous Menagerie      Summ           18%        N/A       99%         7
 Discord                  Hex            35%        N/A       99%         8
 Summon Horrible Things   Summ           18%        N/A       100%        8
 Tornado                  Air            18%        N/A       100%        9


Dungeon Overview and Level Annotations

Branches:
Dungeon (1/1)

Altars:
Ashenzari
Cheibriados
Dithmenos
Elyvilon
Fedhas
Gozag
Hepliaklqana
Kikubaaqudgha
Makhleb
Nemelex Xobeh
Okawaru
Qazlal
Ru
Sif Muna
Trog
Uskayaw
Vehumet
Wu Jian
Xom
Yredelemnul
Zin
The Shining One
Beogh
Jiyva
Lugonu

Annotations:
D 1 transporter, Nikola


Message History

Casting: Ignition (quite dangerous; 1% risk of failure)
Press: ? - help, Dir - look around, f - activate The air bursts into flame!
The fireball engulfs Nikola!!
Nikola is heavily wounded.
The fireball engulfs Urug!!
You kill Urug!
Vehumet accepts your kill.
You feel your power returning.
Your Hexes skill increases to level 6!
Unknown command.
Unknown command.
Unknown command.
Blink to where?
Press: ? - help, Dir - move target
As you read the scroll of blinking, it crumbles to dust.
Nikola gestures wildly while chanting.
Nikola blinks!
Found a transporter.
Unknown command.
Casting: Ignition (quite dangerous; 1% risk of failure)
Confirm with . or Enter, or press ? or * to list all spells.
You don't know that spell.
Casting: Ignition (quite dangerous; 1% risk of failure)
Confirm with . or Enter, or press ? or * to list all spells.
Okay, then.
Unknown command.
Casting: Ignition (quite dangerous; 1% risk of failure)
Confirm with . or Enter, or press ? or * to list all spells.
The spell is quite dangerous to cast (1% risk of failure)!
Continue anyway?
Casting: Ignition (quite dangerous; 1% risk of failure)
Press: ? - help, Dir - look around, f - activate The air bursts into flame!
The fireball engulfs Nikola!!
Nikola is heavily wounded.
Nikola gestures wildly while chanting.
You hear a mighty clap of thunder!
The lightning arc hits you!!
Ouch! That really hurt!
The lightning arc hits Nikola.
The lightning arc hits you!!
Ouch! That really hurt!
You die...

▓.........▓.....
▓.........▓...†.
▓.........▓...†.
▓.▓.....▓.▓.▓...
▓....©....▓...©.
▓▓▓▓▓▓▓▓▓▓▓▓▓▓▓▓▓▓
▓...8©8.. ▓...8©8.
▓..)))}§..▓..).|))
▓@§})))§..▓.....))
▓...@..§..▓.....))
▓.........▓.....))
▓..)......▓.......
▓.........▓....†..
▓....§....▓.......
▓.▓..§..▓.▓....©..
▓....©....▓▓▓▓▓▓▓▓
▓▓▓▓▓▓▓▓▓▓▓


You could see Nikola.

Vanquished Creatures
  A sphinx (D)
  A vault warden (D)
  An ironbound preserver (D)
  2 very ugly things (D)
  Josephine (D)
  3 vault guards (D)
  Urug (D)
  A wizard (D)
  2 naga magi (D)
  3 rime drakes (D)
  A wyvern (D)
  Grum (D)
  A steam dragon (D)
  Edmund (D)
  An acid dragon (D)
  4 nagas (D)
  2 hell hounds (D)
  2 swamp drakes (D)
  2 necrophages (D)
  2 phantoms (D)
  A wight (D)
  A crimson imp (D)
  A quasit (D)
  3 jellies (D)
  3 adders (D)
  2 shadow imps (D)
  4 white imps (D)
  3 ball pythons (D)
  2 bat zombies (D)
  A ball python skeleton (D)
  A ball python zombie (D)
  A giant cockroach zombie (D)
  A jackal skeleton (D)
  A jackal zombie (D)
58 creatures vanquished.

Vanquished Creatures (others)
  13 foxfires (D)
13 creatures vanquished.

Grand Total: 71 creatures vanquished

Notes
Turn   | Place    | Note
-------+----------+-------------------------------------------
     0 | D        | mhtbhm the Deep Elf Fire Elementalist began the quest for
                  | the Orb.
     0 | D        | Reached XP level 1. HP: 10/10 MP: 6/6
     0 | D        | Found a shimmering blue altar of Sif Muna.
     0 | D        | Found a bloodstained altar of Trog.
     0 | D        | Found a sacrificial altar of Ru.
     0 | D        | Found a stormy altar of Qazlal.
     0 | D        | Found an iron altar of Okawaru.
     2 | D        | Found a sparkling altar of Nemelex Xobeh.
     3 | D        | Found the +6 Majin-Bo {vamp, MP+6 Int+6}
     3 | D        | Found the +9 heavy crossbow "Sniper" {vorpal, Acc+∞ SInv}
     3 | D        | Found the +10 dark maul {vorpal}
     3 | D        | Found the +15 Maxwell's patent armour {-Cast -Tele rElec
                  | Will+ rCorr}
     3 | D        | Found the +18 shield of the Gong {rElec rN+ Will+ EV-5}
     3 | D        | Found the +14 obsidian axe {vorpal, Drain Fly SInv}
     3 | D        | Found the +7 great mace "Firestarter" {inner flame, rF++}
     3 | D        | Found the +6 shillelagh "Devastator" {shatter}
     3 | D        | Found the +11 plutonium sword {Contam Stlth-}
     3 | D        | Found the +8 lance "Wyrmbane" {slay drac, rPois rF+ rC+
                  | AC+3}
     3 | D        | Found the +9 sword of Zonguldrok {reap}
     3 | D        | Found the +13 scythe of Curses {drain, Drain}
     3 | D        | Found the +5 sword of Power {vorpal}
     3 | D        | Found the +7 mace of Variability {chain chaos}
     3 | D        | Found the +7 Singing Sword {vorpal, sonic wave}
     3 | D        | Found the +8 storm bow {elec, penet}
     3 | D        | Found an ancient bone altar of Kikubaaqudgha.
     3 | D        | Found a transporter.
     3 | D        | Found a corrupted altar of Lugonu.
     3 | D        | Found a viscous altar of Jiyva.
     3 | D        | Found a burning altar of Makhleb.
     3 | D        | Found a hazy altar of Hepliaklqana.
     3 | D        | Found an opulent altar of Gozag.
     5 | D        | Found a blossoming altar of Fedhas.
    54 | D        | Became a worshipper of Vehumet
    71 | D        | Entered arena 2.
    71 | D        | Found a transporter.
    80 | D        | Reached skill level 4 in Spellcasting
    80 | D        | Reached XP level 2. HP: 12/15 MP: 2/9
   143 | D        | Entered arena 3.
   143 | D        | Found a transporter.
   145 | D        | Reached * piety under Vehumet
   145 | D        | Offered knowledge of Freeze by Vehumet.
   146 | D        | Reached skill level 6 in Spellcasting
   146 | D        | Reached XP level 3. HP: 19/19 MP: 9/12
   146 | D        | Reached XP level 4. HP: 24/24 MP: 10/14
   150 | D        | Learned a level 3 spell: Mephitic Cloud
   154 | D        | Learned a level 3 spell: Inner Flame
   159 | D        | Learned a level 4 spell: Sticky Flame
   171 | D        | Entered arena 4.
   171 | D        | Noticed a necrophage
   171 | D        | Found a transporter.
   173 | D        | Reached ** piety under Vehumet
   173 | D        | Killed a necrophage
   174 | D        | Reached skill level 5 in Dodging
   174 | D        | Reached skill level 7 in Spellcasting
   174 | D        | Reached skill level 1 in Evocations
   174 | D        | Reached XP level 5. HP: 28/28 MP: 11/17
   182 | D        | Reached skill level 8 in Spellcasting
   291 | D        | Learned a level 5 spell: Fireball
   293 | D        | Entered arena 5.
   293 | D        | Found a transporter.
   294 | D        | Reached *** piety under Vehumet
   315 | D        | Entered arena 6.
   315 | D        | Noticed a necrophage
   315 | D        | Noticed a phantom
   315 | D        | Noticed a phantom
   315 | D        | Found a transporter.
   316 | D        | Offered knowledge of Sandblast by Vehumet.
   316 | D        | Reached **** piety under Vehumet
   317 | D        | Killed a phantom
   317 | D        | Killed a necrophage
   317 | D        | Killed a phantom
   318 | D        | Reached skill level 10 in Spellcasting
   318 | D        | Reached XP level 6. HP: 32/32 MP: 12/21
   325 | D        | Got the ring of the Spinneret {rC+ rCorr Int+2}
   373 | D        | Entered arena 7.
   373 | D        | Noticed a naga
   373 | D        | Noticed a naga
   373 | D        | Noticed a naga
   373 | D        | Noticed a naga mage
   373 | D        | Noticed a naga
   373 | D        | Noticed a naga mage
   376 | D        | Killed a naga
   376 | D        | Reached ***** piety under Vehumet
   376 | D        | Killed a naga
   376 | D        | Killed a naga
   376 | D        | Killed a naga mage
   377 | D        | Reached skill level 12 in Spellcasting
   377 | D        | Reached skill level 1 in Hexes
   377 | D        | Reached XP level 7. HP: 36/36 MP: 15/24
   377 | D        | Reached XP level 8. HP: 41/41 MP: 16/26
   378 | D        | Killed a naga mage
   380 | D        | Reached skill level 13 in Spellcasting
   380 | D        | Found a transporter.
   495 | D        | Got the Tome of Shape Shifting and Poisoning
   505 | D        | Entered arena 8.
   506 | D        | Offered knowledge of Dazzling Flash by Vehumet.
   510 | D        | Found a transporter.
   596 | D        | Got Porer's Almanac of Ashen Toxins
   609 | D        | Learned a level 8 spell: Ignition
   610 | D        | Entered arena 9.
   611 | D        | Reached ****** piety under Vehumet
   615 | D        | Found a transporter.
   626 | D        | Entered arena 10.
   626 | D        | Noticed a rime drake
   626 | D        | Noticed a rime drake
   626 | D        | Noticed a rime drake
   627 | D        | Killed a rime drake
   628 | D        | Reached skill level 14 in Spellcasting
   628 | D        | Reached XP level 9. HP: 29/45 MP: 19/29
   629 | D        | Killed a rime drake
   629 | D        | Killed a rime drake
   630 | D        | Reached skill level 10 in Dodging
   630 | D        | Reached skill level 15 in Spellcasting
   630 | D        | Reached skill level 15 in Fire Magic
   823 | D        | Found a transporter.
   853 | D        | Learned a level 9 spell: Shatter
   880 | D        | Entered arena 11.
   880 | D        | Noticed an ironbound preserver
   880 | D        | Noticed a vault guard
   880 | D        | Noticed a cyan very ugly thing
   880 | D        | Noticed a vault guard
   880 | D        | Noticed a vault warden
   880 | D        | Noticed a wizard
   880 | D        | Noticed a sphinx
   880 | D        | Noticed a cyan very ugly thing
   880 | D        | Noticed a vault guard
   881 | D        | Identified the +7 scythe "Zistacaw" {drain, Str+4}
   885 | D        | Killed a brown very ugly thing
   885 | D        | Offered knowledge of Ignite Poison by Vehumet.
   885 | D        | Killed a cyan very ugly thing
   886 | D        | Reached skill level 16 in Spellcasting
   886 | D        | Reached skill level 5 in Earth Magic
   886 | D        | Reached XP level 10. HP: 50/50 MP: 19/32
   887 | D        | Found a transporter.
   890 | D        | Killed a vault guard
   890 | D        | Killed a wizard
   891 | D        | Reached skill level 10 in Conjurations
   892 | D        | Killed a vault guard
   892 | D        | Killed an ironbound preserver
   892 | D        | Killed a sphinx
   892 | D        | Killed a vault guard
   892 | D        | Killed a vault warden
   893 | D        | Reached skill level 18 in Spellcasting
   893 | D        | Reached skill level 5 in Hexes
   893 | D        | Reached XP level 11. HP: 39/55 MP: 19/35
  1018 | D        | Entered arena 12.
  1018 | D        | Noticed Urug
  1018 | D        | Noticed Grum
  1019 | D        | Found the brooch of Shielding {Spirit SH+8}
  1019 | D        | Noticed Josephine
  1019 | D        | Noticed Edmund
  1019 | D        | Noticed Nikola
  1021 | D        | Killed Grum
  1021 | D        | Offered knowledge of Iskenderun's Mystic Blast by Vehumet.
  1021 | D        | Killed Edmund
  1022 | D        | Reached skill level 1 in Fighting
  1022 | D        | Killed Josephine
  1023 | D        | Reached skill level 19 in Spellcasting
  1023 | D        | Reached skill level 10 in Earth Magic
  1023 | D        | Killed Urug
  1024 | D        | Found a transporter.
  1025 | D        | Killed from afar by Nikola

Illustrated notes

Levels and vault maps discovered:
D:        sprint_v [room_start, room_1, room_2, room_3, room_4, room_5, room_6,
          room_7, room_8, room_9, room_10, room_11, room_12, room_13, room_14,
          room_15, room_16, room_17, room_18, room_19, room_20, room_21,
          room_22, room_23, room_24, room_25, room_26, room_27]

Skill      XL: |  1  2  3  4  5  6  7  8  9 10 11 |
---------------+----------------------------------+-----
Dodging        | 3 4 5 7 8 9 10 11 | 11.4
Spellcasting   | 4 6 7 10 12 14 16 18 19 | 19.2
Fire Magic     | 4 7 9 11 12 14 15 17 | 17.8
Stealth        | 4 |  4.9
Conjurations   | 2 4 6 7 9 11 12 | 12.1
Evocations     | 1 2 3 4 |  4.1
Hexes          | 1 3 4 5 6 |  6.0
Earth Magic    | 5 9 10 | 10.2
Fighting       | 1 |  1.1

Action                   |  1- 3 |  4- 6 |  7- 9 | 10-12 || total
-------------------------+-------+-------+-------+-------++-------
 Cast: Foxfire           |     4 |     4 |       |       ||     8
       Inner Flame       |       |     3 |       |       ||     3
       Fireball          |       |     4 |    15 |     2 ||    21
       Ignition          |       |       |       |     5 ||     5
Evoke: Wand              |     2 |     1 |     4 |       ||     7
       Condenser vane    |       |       |     1 |     2 ||     3
  Use: Potion            |       |       |       |     2 ||     2
       Scroll            |       |       |       |     2 ||     2
Armor: Robe              |     3 |       |       |       ||     3
Dodge: Dodged            |     8 |     2 |     1 |     1 ||    12

Table legend: (Time is in decaauts)
 A = Elapsed time spent in this place.
 B = Non-inter-level travel time spent in this place.
 C = Inter-level travel time spent in this place.
 D = Time resting spent in this place.
 E = Time spent auto-exploring this place.
 F = Levels seen in this place.
 G = Mean time per level.
                   A        B        C        D        E       F      G
               +--------+--------+--------+--------+--------+-----+--------+
         Total |   1023 |   1023 |      0 |    653 |      0 |   1 | 1023.0 |
       Dungeon |   1023 |   1023 |      0 |    653 |      0 |   1 | 1023.0 |
               +--------+--------+--------+--------+--------+-----+--------+

Top non-repeatable levels by time:
       D: 1023 daAuts
